AoeStats
← Elentin

Black Forest

510825406Analyzed
3v3 RM · 1d ago on Oct 2, 2026· 71m 22s· 6 players
Game mode
Random Map
Map size
Normal (6 player)
Population
200
Speed
Normal
Resources
Standard
Victory
Conquest
Starting age
Dark Age
Ending age
Imperial Age
RankedLock teamsTeams togetherTeam positionsShared explorationLock speedFull tech treeHidden civsTurbo modeCheats
Victory
Defeat
🇵🇱 Varangians · Poland
679
+15
🇬🇷 Celts · Greece
633
+17
🇫🇮 Bohemians · Finland
598
+18
🇨🇴 Franks · Colombia
702
-18
🇨🇦 Khmer · Canada
682
-18
🇹🇷 Gurjaras · Türkiye
585
-14
splashii
1:26 Loom
13:38 Feudal Age
16:30 Double-Bit Axe
19:36 Castle Age
26:11 Fishing Lines
27:37 Gillnets
28:43 Stone Mining
29:12 Horse Collar
32:37 Wheelbarrow
32:32 Vendel Legacy
35:21 Bow Saw
35:54 Squires
35:40 Gambesons
35:41 Arson
37:33 Caravan
37:54 Bloodlines
37:45 Husbandry
38:33 Forging
38:24 Scale Mail Armor
38:31 Scale Barding Armor
41:12 Imperial Age
42:33 Elite Varangian Guard
42:42 Cavalier
44:15 Iron Casting
43:55 Chain Mail Armor
44:07 Conscription
43:12 Gothikon
47:57 Chemistry
47:08 Siege Engineers
49:12 Blast Furnace
48:42 Plate Mail Armor
49:45 Elite Jarl
61:07 Heavy Plow
61:25 Hand Cart
69:39 Spies/Treason
eptp95
13:05 Feudal Age
13:37 Double-Bit Axe
18:38 Fishing Lines
23:01 Castle Age
23:40 Forging
23:21 Fletching
23:33 Padded Archer Armor
23:35 Scale Mail Armor
27:07 Wheelbarrow
30:04 Bow Saw
32:33 Imperial Age
31:41 Horse Collar
32:29 Hand Cart
32:30 Murder Holes
33:39 Chemistry
32:53 Fortified Wall
33:02 Squires
32:49 Arson
33:49 Heavy Plow
34:09 Caravan
34:42 Coinage
35:31 Two-Man Saw
36:03 Houfnice
36:40 Arrowslits
36:27 Pikeman
36:31 Man-at-Arms
37:16 Halberdier
37:17 Long Swordsman
38:47 Banking
38:42 Guilds
38:38 Gillnets
41:51 Elite Hussite Wagon
42:40 Wagenburg Tactics
43:50 Ballistics
44:19 Iron Casting
43:40 Bodkin Arrow
44:01 Leather Archer Armor
44:02 Chain Mail Armor
43:53 Scale Barding Armor
43:27 Two-Handed Swordsman
44:26 Onager
46:15 Bombard Tower
63:11 Champion
69:41 Spies/Treason
69:57 Spies/Treason
Elentin
0:33 Loom
14:31 Feudal Age
19:45 Castle Age
19:10 Stone Mining
19:38 Double-Bit Axe
28:30 Horse Collar
29:03 Bow Saw
29:31 Stone Shaft Mining
29:18 Heavy Plow
29:20 Gold Mining
30:37 Stronghold
31:33 Ballistics
35:26 Imperial Age
34:11 Fletching
34:35 Forging
35:14 Gold Shaft Mining
35:41 Capped Ram
37:34 Chemistry
36:43 Siege Engineers
37:56 Furor Celtica
38:08 Conscription
37:45 Heavy Scorpion
40:36 Gambesons
41:42 Caravan
41:20 Siege Ram
41:49 Pikeman
42:17 Arson
42:32 Bodkin Arrow
43:12 Iron Casting
42:40 Scale Mail Armor
43:23 Halberdier
48:40 Elite Woad Raider
53:32 Blast Furnace
52:48 Chain Mail Armor
52:35 Padded Archer Armor
55:20 Arrowslits
55:32 Murder Holes
60:01 Hoardings
64:30 Plate Mail Armor
64:06 Scale Barding Armor
64:17 Leather Archer Armor
65:26 Fervor
65:29 Masonry
65:56 Wheelbarrow
65:08 Town Watch
64:47 Man-at-Arms
69:58 Heated Shot
70:12 Devotion
70:46 Ring Archer Armor
70:37 Chain Barding Armor
70:17 Sappers
70:11 Onager
71:16 Hand Cart
71:04 Town Patrol
71:06 Spies/Treason
gunessoley
13:48 Feudal Age
14:15 Double-Bit Axe
15:23 Gold Mining
18:11 Horse Collar
23:07 Castle Age
23:24 Scale Barding Armor
23:34 Forging
25:09 Heavy Plow
25:37 Bow Saw
31:05 Caravan
31:56 Iron Casting
34:14 Chain Barding Armor
34:37 Ballistics
38:38 Imperial Age
38:40 Heavy Camel Rider
40:00 Plate Barding Armor
39:18 Stone Mining
40:07 Gold Shaft Mining
40:09 Crop Rotation
40:43 Chemistry
41:16 Wheelbarrow
43:05 Hand Cart
43:41 Stone Shaft Mining
47:22 Kshatriyas
47:38 Frontier Guards
47:28 Elite Chakram Thrower
55:23 Heavy Scorpion
55:26 Onager
62:53 Guard Tower
The_Lumberjack
19:01 Feudal Age
22:47 Castle Age
21:45 Double-Bit Axe
21:53 Horse Collar
23:30 Fishing Lines
24:23 Stone Mining
26:06 Stone Shaft Mining
31:37 Gillnets
32:04 Caravan
32:58 Heavy Plow
33:57 Gold Mining
37:25 Imperial Age
38:04 Gold Shaft Mining
37:36 Pikeman
39:16 Wheelbarrow
38:27 Town Watch
39:57 Conscription
40:33 Double Crossbow
41:26 Crop Rotation
41:15 Bow Saw
41:16 Elite Skirmisher
43:00 Chemistry
42:13 Fortified Wall
41:52 Halberdier
43:09 Siege Engineers
44:28 Heavy Scorpion
44:30 Capped Ram
46:57 Tusk Swords
46:18 Elite Ballista Elephant
47:10 Scale Barding Armor
47:05 Scale Mail Armor
47:16 Forging
47:42 Ballistics
47:19 Murder Holes
47:00 Light Cavalry
53:26 Husbandry
53:33 Padded Archer Armor
53:28 Fletching
56:00 Chain Barding Armor
55:56 Chain Mail Armor
56:17 Iron Casting
55:41 Bodkin Arrow
56:08 Arson
57:08 Hussar
57:59 Bloodlines
58:36 Plate Barding Armor
58:07 Bracer
Mathias1493
15:04 Feudal Age
16:32 Wheelbarrow
15:50 Double-Bit Axe
17:16 Gold Mining
17:17 Stone Mining
23:30 Castle Age
24:35 Castle Age
25:20 Castle Age
23:25 Fishing Lines
25:50 Forging
25:31 Fletching
26:13 Scale Barding Armor
28:08 Padded Archer Armor
28:09 Scale Mail Armor
28:41 Bow Saw
29:58 Hand Cart
32:00 Gold Shaft Mining
31:31 Caravan
35:40 Pikeman
36:08 Gambesons
36:24 Squires
36:09 Arson
37:25 Iron Casting
37:11 Chain Barding Armor
36:47 Bodkin Arrow
37:08 Leather Archer Armor
37:09 Chain Mail Armor
41:03 Imperial Age
39:39 Husbandry
39:02 Man-at-Arms
39:41 Gillnets
40:26 Fortified Wall
39:57 Treadmill Crane
40:59 Murder Holes
40:32 Ordonnance Companies
41:20 Cavalier
41:23 Halberdier
42:41 Plate Barding Armor
43:07 Blast Furnace
42:37 Plate Mail Armor
42:44 Elite Throwing Axeman
43:27 Chivalry
44:38 Chemistry
44:23 Ballistics
44:51 Paladin
Connection lost

Rejoining the realm…

Still unreachable

The connection could not be restored.

Session expired

The server has moved on; the page needs a fresh start.